AoeStats
← 渣渣灰

Coastal Forest

510512591Analyzed
4v4 RM · 2d ago on Oct 1, 2026· 63m 28s· 8 players
Game mode
Random Map
Map size
Large (8 player)
Population
200
Speed
Normal
Resources
Standard
Victory
Conquest
Starting age
Dark Age
Ending age
Imperial Age
RankedLock teamsTeams togetherTeam positionsShared explorationLock speedFull tech treeHidden civsTurbo modeCheats
Victory
Defeat
🇬🇧 Hindustanis · United Kingdom
1142
+15
🇫🇷 Varangians · France
1095
+17
🇬🇧 Teutons · United Kingdom
1094
+17
🇧🇪 Vietnamese · Belgium
1093
+17
🇨🇳 Bohemians · China
1148
-17
🇨🇳 Magyars · China
1146
-18
🇨🇳 Britons · China
1101
-16
🇨🇳 Franks · China
1090
-15
Ken
11:49 Feudal Age
15:41 Castle Age
15:57 Double-Bit Axe
17:24 Loom
18:06 Bow Saw
24:47 Wheelbarrow
28:39 Husbandry
29:59 Gold Mining
29:59 Stone Mining
31:40 Hand Cart
31:39 Scale Barding Armor
32:05 Forging
33:43 Gold Shaft Mining
33:45 Scale Mail Armor
34:08 Chain Barding Armor
34:23 Iron Casting
37:28 Imperial Age
36:05 Treadmill Crane
36:46 Ballistics
36:21 Murder Holes
36:44 Squires
36:04 Pikeman
36:30 Arson
36:47 Scale Mail Armor
36:37 Fletching
36:47 Padded Archer Armor
38:02 Chain Mail Armor
37:46 Cavalier
41:30 Halberdier
43:35 Paladin
52:45 Conscription
52:26 Chivalry
55:37 Plate Barding Armor
57:14 Blast Furnace
55:36 Light Cavalry
56:14 Bodkin Arrow
62:08 Caravan
渣渣灰
13:25 Feudal Age
14:32 Loom
15:01 Double-Bit Axe
23:08 Castle Age
21:57 Fishing Lines
24:40 Bow Saw
26:15 Horse Collar
27:28 Stone Mining
31:23 Heavy Plow
36:42 Caravan
40:54 Imperial Age
39:03 Wheelbarrow
38:34 Treadmill Crane
39:15 Ballistics
41:46 Hand Cart
41:31 Elite Longbowman
42:32 Yeomen
42:48 Hoardings
41:44 Sappers
42:35 Conscription
42:13 Heated Shot
43:26 Chemistry
43:42 Padded Archer Armor
43:36 Gold Mining
45:02 Two-Man Saw
44:30 Guilds
47:08 Leather Archer Armor
46:44 Fletching
49:58 Ring Archer Armor
49:23 Bodkin Arrow
52:14 Bracer
51:40 Pikeman
52:20 Squires
53:04 Elite Skirmisher
53:05 Crossbowman
55:44 Coinage
57:33 Banking
58:03 Warwolf
58:19 Heavy Mounted Crossbowman
58:20 Cranequins
58:21 Arbalester
转世
5:17 Loom
12:14 Feudal Age
16:45 Castle Age
14:47 Double-Bit Axe
29:22 Chemistry
30:36 Horse Collar
34:10 Elite Skirmisher
36:32 Wheelbarrow
39:42 Imperial Age
40:29 Hand Cart
42:46 Conscription
42:31 Wagenburg Tactics
45:38 Fervor
45:08 Houfnice
46:25 Bow Saw
45:46 Houfnice
57:07 Two-Man Saw
58:31 Fletching
58:43 Padded Archer Armor
涛哥
11:05 Feudal Age
17:17 Double-Bit Axe
20:29 Castle Age
18:50 Horse Collar
21:41 Fletching
21:51 Padded Archer Armor
28:04 Husbandry
29:27 Leather Archer Armor
30:53 Heavy Plow
30:46 Gold Mining
32:48 Bow Saw
35:52 Imperial Age
34:31 Corvinian Army
35:40 Wheelbarrow
35:20 Bodkin Arrow
37:13 Conscription
37:46 Recurve Bow
38:36 Bloodlines
41:02 Chemistry
40:31 Bracer
47:07 Ring Archer Armor
46:42 Scale Barding Armor
46:38 Scale Mail Armor
48:34 Parthian Tactics
48:51 Hand Cart
49:37 Two-Man Saw
53:35 Elite Skirmisher
60:08 Pikeman
Lampy
11:21 Feudal Age
9:40 Loom
15:57 Castle Age
16:24 Fletching
21:51 Bodkin Arrow
25:55 Stone Mining
25:54 Horse Collar
30:46 Heavy Plow
30:43 Double-Bit Axe
31:14 Pikeman
31:58 Squires
36:20 Imperial Age
33:52 Gold Mining
34:52 Ballistics
34:44 Masonry
36:32 Wheelbarrow
39:52 Hand Cart
39:23 Town Watch
43:56 Crenellations
43:58 Conscription
46:25 Stone Shaft Mining
47:56 Coinage
48:20 Ironclad
50:35 Scale Mail Armor
50:45 Forging
52:44 Town Patrol
54:26 Scale Barding Armor
54:57 Iron Casting
54:37 Bloodlines
53:54 Cavalier
55:46 Siege Engineers
56:42 Chemistry
55:42 Paladin
58:48 Chain Barding Armor
59:28 Blast Furnace
Hymoteptep
5:00 Loom
11:31 Feudal Age
12:19 Double-Bit Axe
13:15 Fishing Lines
14:54 Town Watch
15:08 Gold Mining
19:56 Castle Age
20:45 Fletching
20:55 Padded Archer Armor
21:26 Bow Saw
21:09 Gillnets
21:39 Crossbowman
24:46 Pikeman
25:34 Thumb Ring
25:28 Bodkin Arrow
25:49 Leather Archer Armor
29:28 Squires
29:41 Forging
29:31 Scale Mail Armor
32:52 Imperial Age
31:02 Wheelbarrow
30:59 Elite Skirmisher
32:09 Hand Cart
33:28 Arbalester
36:01 Ballistics
36:42 Chemistry
35:51 Bracer
36:22 Ring Archer Armor
37:45 Horse Collar
38:32 Caravan
40:27 Imperial Skirmisher
41:51 Paper Money
42:14 Ring Archer Armor
47:14 Elite Rattan Archer
47:46 Halberdier
49:05 Iron Casting
48:45 Chain Mail Armor
48:47 Fortified Wall
52:13 Two-Man Saw
51:58 Plate Mail Armor
51:30 Heavy Plow
52:17 Chatras
55:27 Scale Barding Armor
57:08 Chain Barding Armor
56:20 Elite Battle Elephant
61:38 Light Cavalry
62:29 Bloodlines
62:19 Husbandry
Krazhaël
10:44 Feudal Age
9:03 Loom
10:49 Feudal Age
11:50 Double-Bit Axe
11:50 Fishing Lines
18:14 Stone Mining
18:16 Gold Mining
18:54 Fletching
23:18 Castle Age
24:17 Medium Warships
24:02 Gillnets
26:17 Stone Shaft Mining
28:52 Bow Saw
31:07 Wheelbarrow
30:18 Town Watch
30:15 Horse Collar
31:09 Ballistics
30:53 Padded Archer Armor
30:58 Husbandry
39:17 Imperial Age
38:14 Forging
38:20 Leather Archer Armor
38:20 Bloodlines
38:19 Murder Holes
40:24 Conscription
40:06 Elite Jarl
41:35 Iron Casting
42:22 Ring Archer Armor
41:44 Horse Collar
43:39 Blast Furnace
44:48 Heavy Plow
46:04 Arson
46:21 Squires
46:07 Gambesons
45:43 Elite Varangian Guard
47:25 Bodkin Arrow
47:37 Scale Barding Armor
51:12 Elite Skirmisher
57:04 Scale Mail Armor
58:36 Chain Mail Armor
62:43 Plate Mail Armor
64:23 Two-Man Saw
[SKY] strider
8:06 Loom
10:33 Feudal Age
13:15 Bloodlines
13:13 Scale Barding Armor
20:29 Horse Collar
20:36 Double-Bit Axe
23:33 Castle Age
22:42 Forging
28:09 Imperial Age
26:09 Husbandry
26:31 Chain Barding Armor
26:51 Wheelbarrow
26:34 Light Cavalry
30:10 Heavy Camel Rider
36:27 Chemistry
38:16 Plate Barding Armor
44:26 Siege Elephant
48:11 Bow Saw
51:17 Conscription
52:45 Imperial Camel Rider
Connection lost

Rejoining the realm…

Still unreachable

The connection could not be restored.

Session expired

The server has moved on; the page needs a fresh start.